 Dungeon Crawl Stone Soup version 0.20.0 (webtiles) character file.

8513 HeyBub the Protected (level 11, -3/104 HPs)
             Began as a Minotaur Monk on May 25, 2017.
             Was an Elder of Trog.
             Asphyxiated
             ... on level 10 of the Dungeon.
             The game lasted 00:14:10 (8311 turns).

HeyBub the Protected (Minotaur Monk)                Turns: 8311, Time: 00:14:10

Health: -3/104     AC: 24    Str: 17 (18) XL:     11   Next: 10%
Magic:  10/10      EV:  5    Int:  6 (7)  God:    Trog [****..]
Gold:   536        SH:  8    Dex: 13 (14) Spells: 10/10 levels left

rFire    + . .     SeeInvis .   a - +2 falchion
rCold    + + .     Gourm    .   E - +0 shield
rNeg     . . .     Faith    .   j - +0 plate armour
rPois    +         Spirit   .   (helmet unavailable)
rElec    .         Reflect  .   B - +0 cloak
rCorr    .         Harm     .   e - +2 pair of gloves
MR       .....                  w - +2 pair of boots
Stlth    ..........             (no amulet)
Regen    0.3/turn               h - ring of poison resistance
MPRegen  0.2/turn               o - ring of protection from fire

@: lethally poisoned (-3 -> -5)
A: retaliatory headbutt, horns 3, cold resistance 2, no potion heal 1
a: Berserk, Trog's Hand, Brothers in Arms, Burn Spellbooks, Renounce Religion


You were on level 10 of the Dungeon.
You worshipped Trog.
Trog was greatly pleased with you.
You were near starving.

You visited 2 branches of the dungeon, and saw 11 of its levels.

You collected 536 gold pieces.

Inventory:

Hand Weapons
 a - a +2 falchion (weapon)
Missiles
 D - 2 throwing nets (quivered)
Armour
 e - a +2 pair of gloves (worn)
 j - a +0 plate armour (worn)
 w - a +2 pair of boots (worn)
 B - a +0 cloak (worn)
 E - a +0 shield (worn)
Jewellery
 h - a ring of poison resistance (left hand)
 o - a ring of protection from fire (right hand)
Wands
 q - a wand of digging (19/24)
 r - a wand of digging (13/24)
 u - a wand of paralysis (12/24)
 y - a wand of random effects (21/48)
Scrolls
 b - 5 scrolls of teleportation
 d - 3 scrolls of magic mapping
 g - a scroll of immolation
 v - 5 scrolls of remove curse
 x - a scroll of fog
 A - 2 scrolls of recharging
Potions
 f - 3 potions of magic
 l - a potion of curing
 m - 3 potions of lignification
 n - 2 potions of haste
 p - 2 potions of brilliance
 s - 2 potions of resistance
 t - 2 potions of mutation
Comestibles
 c - 8 bread rations
 i - 18 fruits
 k - 5 meat rations
 C - 3 royal jellies


   Skills:
 + Level 11.7 Fighting
 - Level 10.9 Long Blades
 + Level 12.4 Armour
 + Level 5.6 Dodging
 - Level 1.5 Stealth
 + Level 1.2 Shields


You had 10 spell levels left.
You didn't know any spells.

Dungeon Overview and Level Annotations

Branches:
Dungeon (10/15)            Temple (1/1) D:6            Lair (0/6) D:10
    Orc: D:9-12

Altars:
Cheibriados
Fedhas
Gozag
Nemelex Xobeh
Trog
Uskayaw
Zin

Shops:
D:4 }   D:7 !   D:10 !

Annotations:
D:5 1 runed door
D:10 Sonja


Innate Abilities, Weirdness & Mutations

You reflexively headbutt those who attack you in melee.
You have a pair of large horns on your head.
Your flesh is very cold resistant. (rC++)
Potions are less effective at restoring your health.


Message History

You feel yourself speed up.
The orc shouts!
Sonja mumbles some strange words.
Sonja blinks!
You hear a distant blaring wail to the southeast.
The phantom blinks!
Sonja gestures wildly while chanting.
Sonja blinks!
Sonja zaps a wand.
You struggle to resist.
Sonja casts a spell.
Sonja blinks!
You recover from your berserk rage.
Sonja zaps a wand.
You are blasted!
* * * LOW HITPOINT WARNING * * *
There is a stone staircase leading down here.
Sonja shouts, "Some dancing partner you are!"
Sonja shoots a curare-tipped needle.
The curare-tipped needle hits you.
You are poisoned.
You have difficulty breathing.
You die...

#####(†## ###
######.....
##o. #.####
#.._.. ##.#
#....# #.....
#..##.##§#
#.....
#.#..##.##
######.
#...###..##...#
##
##...###.....!#
#
#..#..####....#
#@###..# ##...#
#.# #..# ....#
..# #.# .....#
..## ...
o..#..# .K. ##
...##.. ##.#
.... .# .. .##
.


You could see Sonja.

Vanquished Creatures
  A hydra (D:8)
  2 two-headed ogres
  A cyclops (D:8)
  An elephant (D:10)
  Prince Ribbit (D:5)
  A hippogriff (D:7)
  2 dream sheep (D:8)
  3 yaks
  A basilisk (D:10)
  Duvessa (D:7)
  An orc warrior (D:6)
  2 phantoms
  2 ice beasts
  3 sky beasts
  6 ogres
  5 centaurs
  A crocodile (D:10)
  3 big kobolds (D:8)
  A gnoll sergeant (D:9)
  3 bullfrogs
  Dowan (D:7)
  2 scorpions
  16 killer bees
  The ghost of Traror the Bolt Thrower, a weakling DsWn (D:3)
  2 howler monkeys
  3 crimson imps
  A bullfrog zombie (D:9)
  2 quasits
  2 bullfrog skeletons (D:8)
  4 hounds
  4 orc priests
  An iguana (D:9)
  11 worker ants
  10 orc wizards
  Terence (D:2)
  A hound zombie (D:8)
  2 worker ant zombies (D:5)
  4 gnolls (D:9)
  7 adders
  A shadow imp (D:8)
  An ooze (D:2)
  An adder zombie (D:8)
  3 worms
  A dart slug (D:2)
  2 leopard geckos
  23 orcs
  6 bats
  11 giant cockroaches
  5 goblins
  5 hobgoblins
  7 jackals
  5 kobolds
  5 quokkas
  3 frilled lizards
  A jackal zombie (D:7)
  A leopard gecko skeleton (D:6)
  An orc zombie (D:10)
  7 rats
205 creatures vanquished.

Vanquished Creatures (others)
  An orc wizard (D:6)
  An orc (D:10)
  A fungus (D:10)
3 creatures vanquished.

Grand Total: 208 creatures vanquished

Notes
Turn   | Place    | Note
-------+----------+-------------------------------------------
     0 | D:1      | HeyBub the Minotaur Monk began the quest for the Orb.
     0 | D:1      | Reached XP level 1. HP: 19/19 MP: 0/0
   358 | D:1      | Reached XP level 2. HP: 27/27 MP: 1/1
  1080 | D:2      | Reached XP level 3. HP: 24/33 MP: 2/2
  1179 | D:2      | Noticed Terence
  1195 | D:2      | Killed Terence
  1406 | D:3      | Noticed Traror's ghost (weakling DsWn)
  1427 | D:3      | Killed Traror's ghost
  1427 | D:3      | Reached XP level 4. HP: 9/41 MP: 3/3
  1730 | D:3      | Reached skill level 1 in Armour
  1744 | D:3      | Reached skill level 5 in Long Blades
  1744 | D:3      | Reached XP level 5. HP: 30/47 MP: 4/4
  2084 | D:4      | Noticed a phantom
  2243 | D:4      | Reached skill level 5 in Fighting
  2253 | D:4      | Reached skill level 2 in Armour
  2253 | D:4      | Reached XP level 6. HP: 34/56 MP: 5/5
  2273 | D:4      | Found Fiemmea's Gadget Boutique.
  2290 | D:4      | Reached skill level 3 in Armour
  2863 | D:5      | Entered Level 5 of the Dungeon
  2871 | D:5      | Noticed Prince Ribbit
  2882 | D:5      | Killed Prince Ribbit
  2882 | D:5      | Reached skill level 4 in Armour
  2882 | D:5      | Reached XP level 7. HP: 57/62 MP: 6/6
  3124 | D:5      | Found a runed door.
  3544 | D:5      | Found a runed door.
  3583 | D:5      | Reached XP level 8. HP: 43/71 MP: 7/7
  3724 | D:5      | Reached skill level 5 in Armour
  4090 | D:6      | Found a blossoming altar of Fedhas.
  4526 | D:6      | Found a staircase to the Ecumenical Temple.
  4533 | D:6      | Reached skill level 5 in Dodging
  4539 | Temple   | Entered the Ecumenical Temple
  4545 | Temple   | Became a worshipper of Trog the Wrathful
  4545 | Temple   | Reached * piety under Trog
  4545 | Temple   | Reached ** piety under Trog
  4618 | D:6      | Reached skill level 6 in Armour
  4818 | D:7      | Reached skill level 10 in Long Blades
  4818 | D:7      | Reached XP level 9. HP: 52/81 MP: 8/8
  4908 | D:7      | Noticed Dowan
  4911 | D:7      | Noticed Duvessa
  4920 | D:7      | Killed Duvessa
  4923 | D:7      | Killed Dowan
  5312 | D:7      | Reached skill level 7 in Armour
  5671 | D:7      | Found Oschefupn's Distillery.
  5771 | D:8      | Reached *** piety under Trog
  5998 | D:8      | Noticed a two-headed ogre
  6009 | D:8      | Killed a two-headed ogre
  6009 | D:8      | Reached skill level 9 in Armour
  6074 | D:8      | Gained mutation: Potions are less effective at restoring your health. [potion of mutation]
  6074 | D:8      | Gained mutation: You have a pair of large horns on your head. [potion of mutation]
  6074 | D:8      | Gained mutation: Your flesh is cold resistant. (rC+) [potion of mutation]
  6074 | D:8      | Gained mutation: Your flesh is very cold resistant. (rC++) [potion of mutation]
  6230 | D:8      | Reached XP level 10. HP: 86/93 MP: 9/9
  6260 | D:8      | Noticed a cyclops
  6277 | D:8      | Killed a cyclops
  6277 | D:8      | Reached skill level 10 in Fighting
  6550 | D:8      | Reached skill level 10 in Armour
  6587 | D:8      | Noticed a three-headed hydra
  6603 | D:8      | Killed a 14-headed hydra
  6982 | D:8      | Reached skill level 11 in Armour
  7234 | D:9      | Reached **** piety under Trog
  8007 | D:10     | Entered Level 10 of the Dungeon
  8011 | D:10     | Found a staircase to the Lair.
  8011 | D:10     | Noticed an elephant
  8039 | D:10     | Killed an elephant
  8041 | D:10     | Reached skill level 12 in Armour
  8205 | D:10     | Found a sparkling altar of Nemelex Xobeh.
  8242 | D:10     | Found Kahuc's Distillery.
  8244 | D:10     | Reached XP level 11. HP: 103/103 MP: 10/10
  8257 | D:10     | Noticed a two-headed ogre
  8263 | D:10     | Noticed Sonja
  8270 | D:10     | Killed a two-headed ogre
  8270 | D:10     | Reached skill level 1 in Shields
  8310 | D:10     | HP: 2/104 [disintegration (13)]
  8311 | D:10     | Asphyxiated

Skill      XL: |  1  2  3  4  5  6  7  8  9 10 11 |
---------------+----------------------------------+-----
Fighting       | 4 5 6 7 9 11 | 11.7
Long Blades    | 4 5 7 8 10 | 10.9
Dodging        | 4 5 |  5.6
Armour         | 1 2 4 6 9 12 | 12.4
Shields        | 1 |  1.2
Stealth        | |  1.5

Action                   |  1- 3 |  4- 6 |  7- 9 | 10-12 || total
-------------------------+-------+-------+-------+-------++-------
Melee: Falchion          |    76 |   110 |   356 |   214 ||   756
       Headbutt          |    13 |    18 |    74 |    56 ||   161
Invok: Berserk           |       |       |     3 |     7 ||    10
       Burn Spellbooks   |       |       |     1 |       ||     1
  Use: Potion            |     2 |     3 |     2 |     2 ||     9
       Scroll            |       |     8 |     8 |     1 ||    17
 Stab: Sleeping          |     3 |       |       |       ||     3
  Eat: Chunk             |     1 |     5 |     5 |     5 ||    16
       Royal jelly       |       |       |     2 |     1 ||     3
       Meat ration       |       |       |     1 |       ||     1
       Fruit             |       |       |       |     5 ||     5
Armor: Robe              |     4 |       |       |       ||     4
       Plate armour      |    37 |    45 |   243 |   233 ||   558
       Skin              |       |     1 |     8 |       ||     9
Dodge: Dodged            |    30 |    31 |   132 |    93 ||   286
Block: Shield            |       |       |       |    38 ||    38
       Rpst.: Falchion   |    11 |    13 |    46 |    23 ||    93
